 Dungeon Crawl Stone Soup version 0.31-a0-222-gefeffbb62a (webtiles) character file.

Game seed: 17535342156407758797

915 innerfire43 the Trooper (level 7, 0/58 HPs)
             Began as a Demonspawn Monk on July 5, 2023.
             Was an Initiate of Gozag.
             Succumbed to a scorpion's poison
             ... on level 5 of the Dungeon.
             The game lasted 00:03:52 (3921 turns).

innerfire43 the Trooper (Demonspawn Monk)           Turns: 3921, Time: 00:03:53

Health: 0/58       AC:  4    Str: 14    XL:     7   Next: 82%
Magic:  0/7        EV: 16    Int: 11    God:    Gozag
Gold:   481        SH:  4    Dex: 15    Spells: 6/6 levels left

rFire   + . .        a - +0 hand axe
rCold   + + .        d - orb {light}
rNeg    . . .        c - +2 robe {rC+}
rPois   +            (no helmet)
rElec   +            (no cloak)
rCorr   +            (no gloves)
SInv    .            (no boots)
Will    .....        l - amulet of guardian spirit
Stlth   +            g - ring of resist corrosion
HPRegen 0.29/turn    (no ring)
MPRegen 0.10/turn

%: guardian spirit
@: brilliant, lethally poisoned (0 -> -8), resistant, gold aura, glowing
A: repulsion field 1, condensation shield, demonic touch 1
a: Renounce Religion, Potion Petition, Call Merchant, Bribe Branch


You were on level 5 of the Dungeon.
You worshipped Gozag.
Gozag was aware of your devotion.
You visited 1 branch of the dungeon, and saw 5 of its levels.

You collected 481 gold pieces.

Inventory:

Hand Weapons
 a - a +0 hand axe (weapon)
Armour
 b - a +0 robe
 c - a +2 robe of cold resistance (worn)
 d - an orb of light (worn)
Jewellery
 g - a ring of resist corrosion (left hand)
 l - an amulet of guardian spirit (around neck)
 n - a ring of flight
Wands
 s - a wand of paralysis (11)
 u - a wand of polymorph (6)
Scrolls
 j - a scroll of identify {unknown}
 q - a scroll of poison
Potions
 h - 2 potions of mutation {unknown}
 i - a potion of lignification {unknown}
 k - a potion of heal wounds {unknown}
 m - a potion of enlightenment {unknown}
 r - a potion of invisibility {unknown}


   Skills:
 + Level 6.0 Fighting
 + Level 5.3 Axes
 + Level 5.4 Dodging


You had 6 spell levels left.
You didn't know any spells.
Your spell library contained the following spells:

 Spells                   Type           Power      Damage    Failure   Level
 Beastly Appendage        Tmut           0%         N/A       34%         1
 Foxfire                  Conj/Fire      0%         2x1d4     34%         1
 Cigotuvi's Dreadful Rot  Necr/Pois/Air  0%         N/A       47%         2
 Ensorcelled Hibernation  Hex/Ice        0%         N/A       47%         2
 Passwall                 Tmut/Erth      0%         N/A       47%         2
 Wereblood                Tmut           0%         N/A       47%         2
 Ignite Poison            Fire/Tmut/Pois 0%         N/A       71%         3
 Spider Form              Tmut/Pois      0%         N/A       71%         3
 Swiftness                Air            0%         N/A       71%         3
 Fireball                 Conj/Fire      0%         3d3       100%        5
 Freezing Cloud           Conj/Ice/Air   0%         6-21      100%        5
 Plasma Beam              Fire/Air       0%         2x1d10    100%        6
 Starburst                Conj/Fire      0%         6d3       100%        6


Dungeon Overview and Level Annotations

Branches:
Dungeon (5/15)
 Temple: D:4-7

Altars:
Gozag

Annotations:
D:5 1 transporter, Dittersdorf's ghost, amateur GrFi


Innate Abilities, Weirdness & Mutations

You are surrounded by a mild repulsion field. (EV +2)
A meltable shield of frost defends you. (SH +4)
Your touch may inflict minor irresistible damage on your foes.


Message History

The gnoll bouda is moderately wounded.
You hit the gnoll but do no damage. You hit the scorpion but do no damage.
The gnoll is no longer moving quickly.
The gnoll bouda hits you with a +0 whip.
The gnoll misses you. The gnoll closely misses you. The scorpion misses you.
The gnoll hits you from afar with a +0 spear.
* * * LOW HITPOINT WARNING * * *
The gnoll bouda barks out a call to the hunt!
The gnoll picks up the pace!
You hit the gnoll bouda but do no damage.
The gnoll bouda is moderately wounded.
You hit the gnoll but do no damage. You hit the scorpion but do no damage.
The gnoll misses you.
The gnoll hits you from afar with a +0 spear.
* * * LOW HITPOINT WARNING * * *
The scorpion misses you. The gnoll completely misses you.
The gnoll bouda misses you.
You barely miss the gnoll bouda.
The gnoll bouda is moderately wounded.
You hit the scorpion but do no damage. You hit the gnoll but do no damage.
The gnoll is no longer moving quickly. x2; The gnoll completely misses you.
The gnoll hits you from afar with a +0 spear.
* * * LOW HITPOINT WARNING * * *
The scorpion misses you. You block the gnoll's attack.
The gnoll bouda hits you with a +0 whip.
* * * LOW HITPOINT WARNING * * *
It was a potion of resistance.
You feel protected.
The gnoll is no longer moving quickly.
You block the scorpion's attack. The gnoll hits you but does no damage.
The gnoll barely misses you.
The gnoll hits you from afar with a +0 spear.
* * * LOW HITPOINT WARNING * * *
You block the gnoll bouda's attack. The scorpion stings you.
* * * LOW HITPOINT WARNING * * *
You are lethally poisoned!
The scorpion poisons you!
It was a potion of brilliance.
You feel clever all of a sudden.
You die...
Your body crumbles into a pile of gold.

##....... ##........
#### ##.........
[..### ..........
#....### #.........
###....### .gg......
###....#######sgg.....
##..........@gg.....
##...########....... #
##...## #...... #
##...## #.....
###...## ##... .##...#
.. .#...## # ....##
...##


You could see a gnoll bouda, a scorpion and 5 gnolls.

Vanquished Creatures
  The ghost of liarliar the Magician, a novice DjFE (D:3)
  Sigmund (D:2)
  An ogre (D:4)
  2 phantoms
  A kobold brigand (D:4)
  An iguana (D:5)
  Ijyb (D:3)
  A sleepcap (D:5)
  6 adders
  A shadow imp (D:5)
  An ufetubus (D:4)
  2 dart slugs
  10 ball pythons
  2 bats
  6 endoplasms
  4 giant cockroaches
  4 goblins (D:3)
  3 hobgoblins
  2 jackals (D:1)
  3 kobolds
  A quokka (D:3)
  2 frilled lizards (D:1)
  3 rats
59 creatures vanquished.

Notes
Turn   | Place    | Note
-------+----------+-------------------------------------------
     0 | D:1      | innerfire43 the Demonspawn Monk began the quest for the
                  | Orb.
     0 | D:1      | Reached XP level 1. HP: 18/18 MP: 1/1
    99 | D:1      | Found a faded altar of an unknown god.
   141 | D:1      | Gained mutation: You are surrounded by a mild repulsion
                  | field. (EV +2) [demonic ancestry]
   141 | D:1      | Reached XP level 2. HP: 14/24 MP: 2/2
   724 | D:1      | Prayed at the altar of an unknown god.
   724 | D:1      | Became a worshipper of Gozag Ym Sagoz the Greedy
   790 | D:2      | Gained mutation: A meltable shield of frost defends you.
                  | (SH +4) [demonic ancestry]
   790 | D:2      | Reached XP level 3. HP: 21/29 MP: 3/3
   851 | D:2      | Noticed Sigmund
   885 | D:2      | Killed Sigmund
   886 | D:2      | Reached skill level 4 in Fighting
   886 | D:2      | Reached XP level 4. HP: 23/38 MP: 2/4
   886 | D:2      | Gained mutation: Your touch may inflict minor irresistible
                  | damage on your foes. [demonic ancestry]
   886 | D:2      | Reached XP level 5. HP: 26/43 MP: 2/5
  1818 | D:3      | Identified the +6 whip of the Maze {distort, +Blink rPois
                  | Will+ Dex-2}
  2003 | D:3      | Found a runed translucent gate.
  2003 | D:3      | Found a runed translucent gate.
  2007 | D:3      | Found a runed translucent gate.
  2009 | D:3      | Noticed liarliar's ghost (novice DjFE)
  2087 | D:3      | Noticed Ijyb
  2138 | D:3      | Killed Ijyb
  2414 | D:3      | Killed liarliar's ghost
  2415 | D:3      | Reached skill level 5 in Fighting
  2415 | D:3      | Reached XP level 6. HP: 16/51 MP: 3/6
  3097 | D:4      | Reached XP level 7. HP: 31/56 MP: 3/7
  3316 | D:4      | Reached skill level 5 in Dodging
  3351 | D:4      | Reached skill level 5 in Axes
  3697 | D:5      | Entered Level 5 of the Dungeon
  3697 | D:5      | Noticed Dittersdorf's ghost (amateur GrFi)
  3697 | D:5      | Found a transporter.
  3799 | D:5      | Reached skill level 6 in Fighting
  3920 | D:5      | HP: 1/58 [scorpion (3)]
  3921 | D:5      | Succumbed to a scorpion's poison

Illustrated notes

Levels and vault maps discovered:
D:1:      dpeg_arrival_rooms_c, layout_loops_ring,
          dreamdust_ecumenical_altar_hidden_monk_grotto
D:2:      layout_basic, basic_altar, minmay_misc_feat_room, uniq_sigmund
D:3:      minmay_skewed_foursquare, layout_rooms, ebering_ghost_rock_garden,
          uniq_ijyb
D:4:      layout_loops_corners
D:5:      lemuel_ratsnest, layout_cave_pods, minmay_temple_entry_poolview,
          gammafunk_ghost_mausoleum

Skill      XL: |  1  2  3  4  5  6  7 |
---------------+----------------------+-----
Dodging        | 3 4 5 |  5.4
Axes           | 3 4 5 |  5.3
Fighting       | 4 5 6 |  6.0

Action                     |  1- 3 |  4- 6 |  7- 9 || total
---------------------------+-------+-------+-------++-------
  Melee: Hand axe          |    65 |   133 |   100 ||   298
         Unarmed           |       |    24 |       ||    24
    Use: Potion            |     2 |       |     3 ||     5
         Scroll            |       |     8 |       ||     8
   Stab: Distracted        |     1 |       |       ||     1
         Sleeping          |       |       |     1 ||     1
 Armour: Robe              |     7 |    16 |    17 ||    40
         Skin              |       |    15 |       ||    15
  Dodge: Dodged            |    54 |    93 |   105 ||   252
  Block: Orb               |     3 |    24 |    23 ||    50
         Other             |       |     5 |       ||     5

Table legend: (Time is in decaauts)
 A = Elapsed time spent in this place.
 B = Non-inter-level travel time spent in this place.
 C = Inter-level travel time spent in this place.
 D = Time resting spent in this place.
 E = Time spent auto-exploring this place.
 F = Levels seen in this place.
 G = Mean time per level.
                   A        B        C        D        E       F      G
               +--------+--------+--------+--------+--------+-----+--------+
         Total |   3945 |   3778 |    167 |      0 |   3134 |   5 |  789.0 |
       Dungeon |   3945 |   3778 |    167 |      0 |   3134 |   5 |  789.0 |
               +--------+--------+--------+--------+--------+-----+--------+

Top non-repeatable levels by time:
     D:4: 1023 daAuts
     D:3: 1021 daAuts
     D:2: 929 daAuts
     D:1: 744 daAuts
     D:5: 225 daAuts
